 Dungeon Crawl Stone Soup version 0.28.0 (webtiles) character file.

Game seed: 14071838499364491143

1697 Erasure the Poker (level 8, -4/63 HPs)
             Began as a Demonspawn Abyssal Knight on Feb 4, 2022.
             Was a Priest of Lugonu.
             Splashed by a brown ugly thing's acid (8 damage)
             ... on level 6 of the Dungeon.
             The game lasted 00:22:27 (5091 turns).

Erasure the Poker (Demonspawn Abyssal Knight)       Turns: 5091, Time: 00:22:27

Health: -4/63      AC: -1    Str: 15    XL:     8   Next: 72%
Magic:  9/9        EV: 17    Int: 11    God:    Lugonu [***...]
Gold:   204        SH:  0    Dex: 15    Spells: 7/7 levels left

rFire   . . .      SeeInvis .   a - +1 spear
rCold   + . .      Faith    .   j - orb {*Rage}
rNeg    . . .      Spirit   .   m - +2 leather armour {rC+}
rPois   .          Reflect  .   (no helmet)
rElec   .          Harm     .   s - scarf {shadows}
rCorr   .          Rampage  .   b - +0 pair of gloves
Will    .....      Rage     20% n - +0 pair of boots
Stlth   ++........              (no amulet)
HPRegen 0.20/turn               w - +4 ring of evasion
MPRegen 0.11/turn               (no ring)

@: corroded, on berserk cooldown, slowed, very slow
A: icy blue scales 2, spiny 2, weakness stinger 1
a: Renounce Religion, Depart the Abyss, Bend Space, Banish


You were on level 6 of the Dungeon.
You worshipped Lugonu.
Lugonu was most pleased with you.
You visited 2 branches of the dungeon, and saw 7 of its levels.
You visited the Abyss 1 time.

You collected 204 gold pieces.

Inventory:

Hand Weapons
 a - a +1 spear (weapon)
 g - a +0 short sword of venom
Armour
 b - a +0 pair of gloves (worn)
 j - an orb of wrath (worn)
 m - a +2 leather armour of cold resistance (worn)
 n - a +0 pair of boots (worn)
 s - a scarf of shadows (worn)
Jewellery
 w - a +4 ring of evasion (left hand)
Wands
 x - a wand of flame (20) (quivered)
Scrolls
 f - 5 scrolls of identify
 h - 2 scrolls of magic mapping {unknown}
 i - a scroll of noise {unknown}
 o - a scroll of teleportation {unknown}
 r - 2 scrolls of immolation {unknown}
 y - a scroll of blinking {unknown}
Potions
 c - a potion of heal wounds {unknown}
 d - a potion of brilliance {unknown}
 e - a potion of ambrosia {unknown}
 k - a potion of attraction {unknown}
 l - a potion of might {unknown}
 p - 2 potions of flight
 q - a potion of berserk rage {unknown}
 u - 2 potions of mutation {unknown}
 v - a potion of curing


   Skills:
 + Level 5.6 Fighting
 + Level 6.7 Polearms
 + Level 4.1 Armour
 + Level 3.7 Dodging
 + Level 3.6 Stealth
 + Level 2.5 Invocations


You had 7 spell levels left.
You didn't know any spells.
Your spell library contained the following spells:

 Spells                   Type           Power      Damage    Failure   Level
 Conjure Flame            Conj/Fire      0%         6-21      78%         3
 Ignite Poison            Fire/Tmut/Pois 0%         N/A       78%         3
 Animate Dead             Necr           0%         N/A       99%         4
 Sticky Flame             Conj/Fire      0%         2d3       99%         4
 Borgnjor's Vile Clutch   Necr/Erth      0%         N/A       100%        5
 Death Channel            Necr           0%         N/A       100%        6


Dungeon Overview and Level Annotations

Branches:
Dungeon (6/15)             Temple (1/1) D:5

Altars:
Cheibriados
Dithmenos
Fedhas
Gozag
Makhleb
Okawaru
Qazlal
Ru
Sif Muna
Trog
Vehumet
Xom
The Shining One
Jiyva

Shops:
D:3 !!:

Annotations:
D:6 2 runed translucent doors


Innate Abilities, Weirdness & Mutations

You are mostly covered in icy blue scales. (AC +3)
You are mostly covered in sharp spines.
You have a small tail.


Message History

The gnoll shaman is struck by your spines.
The gnoll shaman closely misses you.
You hit the gnoll shaman.
You kill the gnoll shaman!
Lugonu accepts your kill.
Things that are here:
a +0 club; a +0 leather armour; a gnoll corpse The brown ugly thing gurgles horribly!
The brown ugly thing bites you! The acid corrodes you!
You are splashed with acid!
A red film seems to cover your vision as you go berserk!
You feel yourself moving faster!
You feel mighty!
You hit the brown ugly thing.
The brown ugly thing is lightly wounded.
The brown ugly thing bites you! The acid corrodes you!
You are splashed with acid!
You hit the brown ugly thing.
The brown ugly thing is lightly wounded.
The brown ugly thing is struck by your spines.
The brown ugly thing bites you! The acid corrodes you!
You are splashed with acid.
You feel a strong urge to attack something.
The brown ugly thing closely misses you.
You hit the brown ugly thing but do no damage.
You tail-slap the brown ugly thing, but do no damage.
The brown ugly thing is lightly wounded.
You closely miss the brown ugly thing.
Your tail-slap misses the brown ugly thing.
The brown ugly thing is lightly wounded.
The brown ugly thing bites you!
* * * LOW HITPOINT WARNING * * *
You are splashed with acid!
* * * LOW HITPOINT WARNING * * *
You feel a strong urge to attack something.
You are no longer berserk.
You are exhausted.
You feel yourself slow down. The brown ugly thing bites you.
* * * LOW HITPOINT WARNING * * *
You are splashed with acid!
You die...

......####.####.# ##.#.......
#.# ######### .#.#.#######
#.####.....^.# .#.#.......##
#.#.....u###. .#.######...#
#.#.##.#.# #
.#..........###)#.##.#.###.#
##.######.....)...##.#.#...#.#
..#######..####.####.#........
#.........## #.@u......##..##
#.######### #..###...#..# #
#.# #).# #.##.### ### #..# #.#
## ...# #.. ###.# ##. #.# #.
.# .#


You could see a brown ugly thing.

Vanquished Creatures
  A troll (D:6)
  A water moccasin (D:5)
  3 ogres
  2 ice beasts
  3 centaurs
  A bullfrog (D:4)
  2 scorpions
  A water moccasin zombie (D:5)
  A water moccasin skeleton (D:5)
  A bullfrog zombie (D:6)
  2 hounds (D:5)
  A jelly (D:4)
  An orc priest (D:6)
  A gnoll shaman (D:6)
  An iguana (D:5)
  2 orc wizards
  A scorpion zombie (D:5)
  A howler monkey skeleton (D:6)
  6 adders
  2 white imps (D:5)
  An ufetubus (D:6)
  2 worms
  2 dart slugs
  9 orcs
  9 ball pythons
  6 bats
  5 endoplasms
  2 giant cockroaches (D:4)
  6 goblins
  10 hobgoblins
  3 jackals (D:2)
  2 quokkas
  2 frilled lizards (D:3)
  8 kobolds
  4 rats
  2 butterflies (D:5)
107 creatures vanquished.

Notes
Turn   | Place    | Note
-------+----------+-------------------------------------------
     0 | Abyss:1  | Erasure the Demonspawn Abyssal Knight began the quest for
                  | the Orb.
     0 | Abyss:1  | Reached XP level 1. HP: 18/18 MP: 2/2
    11 | D:1      | Escaped the Abyss
   526 | D:1      | Gained mutation: You are partially covered in sharp spines.
                  | [demonic ancestry]
   526 | D:1      | Reached XP level 2. HP: 18/24 MP: 3/3
   642 | D:1      | Reached skill level 1 in Dodging
   817 | D:1      | Reached skill level 2 in Polearms
  1317 | D:2      | Reached XP level 3. HP: 24/29 MP: 4/4
  1450 | D:2      | Reached ** piety under Lugonu
  1457 | D:2      | You fall into a shaft and drop 1 floor!
  1493 | D:3      | Found Eppycap's Distillery.
  1572 | D:3      | Found Olumegaacu's Distillery.
  1639 | D:3      | Gained mutation: You have a small tail. [demonic ancestry]
  1639 | D:3      | Reached XP level 4. HP: 37/37 MP: 5/5
  1640 | D:3      | Reached skill level 1 in Stealth
  1780 | D:3      | Found Appuczo's Book Boutique.
  1934 | D:4      | Noticed an ogre
  1962 | D:4      | Killed an ogre
  1963 | D:4      | Reached skill level 3 in Polearms
  1963 | D:4      | Reached XP level 5. HP: 42/42 MP: 6/6
  2219 | D:4      | Gained mutation: You are mostly covered in sharp spines.
                  | [demonic ancestry]
  2219 | D:4      | Reached XP level 6. HP: 41/48 MP: 7/7
  2431 | D:4      | Reached *** piety under Lugonu
  2616 | D:4      | Found a shimmering altar of Xom.
  2688 | D:4      | Reached skill level 4 in Polearms
  3011 | D:5      | Entered Level 5 of the Dungeon
  3093 | D:5      | Gained mutation: You are partially covered in icy blue
                  | scales. (AC +2) [demonic ancestry]
  3093 | D:5      | Reached XP level 7. HP: 55/55 MP: 8/8
  3315 | D:5      | Reached skill level 5 in Polearms
  3750 | D:5      | Found a shimmering blue altar of Sif Muna.
  3903 | D:5      | Reached skill level 5 in Fighting
  3903 | D:5      | Gained mutation: You are mostly covered in icy blue scales.
                  | (AC +3) [demonic ancestry]
  3903 | D:5      | Reached XP level 8. HP: 36/62 MP: 9/9
  4113 | D:5      | Found a staircase to the Ecumenical Temple.
  4118 | Temple   | Entered the Ecumenical Temple
  4457 | D:6      | Found a large runed translucent door.
  4469 | D:6      | Found a large runed translucent door.
  4469 | D:6      | HP: 3/62 [orc priest/divine providence (11)]
  4675 | D:6      | Reached skill level 6 in Polearms
  4997 | D:6      | Noticed a brown ugly thing
  4997 | D:6      | Noticed a troll
  5009 | D:6      | Killed a troll
  5091 | D:6      | Splashed by a brown ugly thing's acid

Illustrated notes

Levels and vault maps discovered:
D:1:      dpeg_arrival_refuge, layout_basic
D:2:      layout_basic, chequers_ecumenical_altar_twisty
D:3:      layout_rooms, serial_shops, shop, shop_fountains, nicolae_shop_stone
D:4:      layout_loops_ring, mainiacjoe_overflow_catwalk, chequers_mini_garden
D:5:      layout_gridville, overflow_temple_1_default,
          minmay_temple_entry_butterflies
D:6:      layout_basic, jmf_multi_god_temple2, hex_medium, minmay_manual_mess
Temple:   pf_slime_end_temple

Skill      XL: |  1  2  3  4  5  6  7  8 |
---------------+-------------------------+-----
Armour         | 2 3 4 |  4.1
Dodging        | 1 2 3 |  3.7
Polearms       | 2 3 4 5 6 |  6.7
Stealth        | 1 2 3 |  3.6
Fighting       | 4 5 |  5.6
Invocations    | |  2.5

Action                   |  1- 3 |  4- 6 |  7- 9 || total
-------------------------+-------+-------+-------++-------
Melee: Spear             |    87 |    70 |   118 ||   275
       Tailslap          |       |    15 |    21 ||    36
  Use: Scroll            |       |       |     1 ||     1
       Potion            |       |       |     2 ||     2
 Stab: Sleeping          |     1 |     2 |     2 ||     5
Armor: Leather armour    |    27 |     9 |    31 ||    67
Dodge: Dodged            |    58 |    34 |    55 ||   147
